 Dungeon Crawl Stone Soup version 0.19.4-10-g532645f (webtiles) character file.

2877 Kosschaser the Grappler (level 9, -1/84 HPs)
             Began as a Troll Monk on Feb 24, 2017.
             Was a Believer of Nemelex Xobeh.
             Slain by an insubstantial wisp (11 damage)
             ... summoned by the player character
             ... on level 8 of the Dungeon on Feb 25, 2017.
             The game lasted 00:24:36 (5234 turns).

Kosschaser the Grappler (Troll Monk)                Turns: 5234, Time: 00:24:38

Health: -1/84      AC:  8    Str: 24    XL:     9   Next: 48%
Magic:  8/8        EV: 12    Int:  6    God:    Nemelex Xobeh [**....]
Gold:   352        SH:  0    Dex: 12    Spells: 0 memorised, 8 levels left

rFire  . . .     SeeInvis .       - Unarmed
rCold  . . .     Gourm    +     a - +0 robe
rNeg   . . .     Faith    .     (no shield)
rPois  +         Spirit   .     (helmet restricted)
rElec  .         Reflect  .     G - +2 cloak {rPois}
rCorr  .         Harm     .     (gloves unavailable)
MR     .....                    (boots unavailable)
Stlth  ++........               (no amulet)
                                (no ring)
                                n - ring of poison resistance

@: no status effects
A: unfitting armour, claws 3, fast metabolism 3, gourmand, regeneration 1,
shaggy fur 1, tough skin 2
a: Renounce Religion


You were on level 8 of the Dungeon.
You worshipped Nemelex Xobeh.
Nemelex Xobeh was pleased with you.
You were very full.

You visited 2 branches of the dungeon, and saw 9 of its levels.

You collected 352 gold pieces.

Inventory:

Armour
 a - a +0 robe (worn)
 G - a +2 cloak of poison resistance (worn)
Jewellery
 n - a ring of poison resistance (left claw)
 I - an uncursed ring of stealth {unknown}
Wands
 D - a wand of slowing (25/48)
 H - a wand of digging (5/24)
Scrolls
 c - 3 scrolls of remove curse
 f - 7 scrolls of identify {unknown}
 i - 3 scrolls of teleportation
 j - a scroll of blinking {unknown}
 p - a scroll of fog {unknown}
 r - 2 scrolls of recharging {unknown}
 s - 2 scrolls of enchant weapon
 y - 2 scrolls of fear {unknown}
 A - a scroll of enchant armour {unknown}
 J - a scroll of magic mapping {unknown}
Potions
 d - a potion of mutation {unknown}
 e - 3 potions of brilliance {unknown}
 g - 2 potions of curing {unknown}
 h - a potion of invisibility {unknown}
 k - 2 potions of magic {unknown}
 l - 4 potions of agility {unknown}
 t - 3 potions of lignification {unknown}
 v - 2 potions of experience {unknown}
 w - a potion of degeneration {unknown}
 x - a potion of heal wounds {unknown}
 z - a potion of resistance {unknown}
 F - a potion of flight {unknown}
 M - a potion of ambrosia {unknown}
Miscellaneous
 q - a plain deck of summoning {drawn: 6}
 B - an ornate deck of summoning {drawn: 1}
 C - a plain deck of summoning
 E - a plain deck of escape
 K - a plain deck of destruction
Comestibles
 b - 11 bread rations
 m - 4 meat rations
 o - 8 beef jerkies
 u - a fruit


   Skills:
 + Level 3.9 Fighting
 + Level 5.6 Dodging
 + Level 3.3 Stealth
 + Level 10.0 Unarmed Combat
 + Level 1.2 Invocations
 + Level 0.3 Evocations


You had 8 spell levels left.
You didn't know any spells.

Dungeon Overview and Level Annotations

Branches:
Dungeon (8/15)             Temple (1/1) D:4
   Lair: D:8-11

Altars:
Ashenzari
Cheibriados
Dithmenos
Hepliaklqana
Makhleb
Nemelex Xobeh
Qazlal
Ru
Trog
Vehumet
Xom
Yredelemnul
The Shining One


Innate Abilities, Weirdness & Mutations

You are too large for most types of armour.
You have claws for hands.
Your metabolism is lightning-fast.
You like to eat raw meat.
Your natural rate of healing is unusually fast.
You are covered in fur. (AC +1)
You have very tough skin. (AC +2)


Message History

The hippogriff misses you. x2
Your insubstantial wisp barely misses the hippogriff.
The phantom closely misses you. The orc barely misses you.
The insubstantial wisp hits your insubstantial wisp!
Your centaur hits the orc warrior!
The orc warrior dies!
Your centaur hits the hippogriff.
The hippogriff barely misses your centaur. x2
The hippogriff claws your centaur!
Your insubstantial wisp hits the hippogriff!
Your insubstantial wisp blinks!
You claw the phantom! Your claw misses the phantom.
The phantom is severely damaged.
Your centaur hits the phantom. Your centaur hits the hippogriff. x2
The orc hits you with a mace.
* * * LOW HITPOINT WARNING * * *
The insubstantial wisp hits you!
You die...
Your body glows slightly and disappears.

#.. .##
......
#.v..#
#v#..
##.#.#
##...c####
#c..H§...#


#Wvoc# ##@#.# ### .. #.# # You could see a hippogriff, a phantom, 2
insubstantial wisps, an orc, 3 friendly centaurs and a friendly insubstantial
wisp.

Vanquished Creatures
  Grinder (D:4)
  Prince Ribbit (D:6)
  Sigmund (D:6)
  Edmund (D:4)
  2 phantoms
  3 ogres
  3 centaurs
  A bullfrog (D:6)
  A water moccasin skeleton (D:6)
  A scorpion (D:6)
  Dowan (D:7)
  3 wights (D:7)
  A jelly (D:7)
  6 crimson imps
  A quasit (D:6)
  2 orc priests
  2 centaur skeletons
  Crazy Yiuf (D:5)
  An iguana (D:7)
  5 orc wizards
  6 worker ants
  A mummy (D:6)
  2 worker ant zombies
  14 adders
  A shadow imp (D:5)
  An ooze (D:5)
  2 adder zombies (D:7)
  3 dart slugs
  4 leopard geckos
  22 orcs
  4 giant cockroaches
  4 goblins
  5 hobgoblins
  15 jackals
  7 kobolds
  4 quokkas
  2 ball pythons (D:1)
  4 bats
  6 frilled lizards
  A hobgoblin zombie (D:6)
  A jackal zombie (D:5)
  A kobold zombie (D:6)
  A leopard gecko zombie (D:5)
  2 orc zombies (D:6)
  11 rats
162 creatures vanquished.

Vanquished Creatures (collateral kills)
  Duvessa (D:7)
  An orc warrior (D:8)
  An ogre (D:7)
  A wyvern skeleton (D:7)
  A crimson imp (D:5)
  An orc priest (D:7)
  A leopard gecko (D:7)
  3 orcs
10 creatures vanquished.

Grand Total: 172 creatures vanquished

Notes
Turn   | Place    | Note
-------+----------+-------------------------------------------
     0 | D:1      | Kosschaser the Troll Monk began the quest for the Orb.
     0 | D:1      | Reached XP level 1. HP: 22/22 MP: 0/0
   233 | D:1      | Reached XP level 2. HP: 29/29 MP: 1/1
   619 | D:1      | Reached XP level 3. HP: 36/36 MP: 2/2
  1192 | D:2      | Found a hazy altar of Hepliaklqana.
  1372 | D:2      | Reached XP level 4. HP: 44/44 MP: 3/3
  1572 | D:3      | Found a faded altar of an unknown god.
  1594 | D:3      | Reached skill level 4 in Unarmed Combat
  1670 | D:3      | Reached XP level 5. HP: 48/52 MP: 4/4
  1785 | D:3      | Found a burning altar of Makhleb.
  1785 | D:3      | Noticed a cacodemon
  1889 | D:3      | Found a bloodstained altar of Trog.
  2305 | D:4      | Noticed Edmund
  2319 | D:4      | Killed Edmund
  2319 | D:4      | Reached skill level 5 in Unarmed Combat
  2319 | D:4      | Reached XP level 6. HP: 48/59 MP: 5/5
  2551 | D:4      | Noticed Grinder
  2561 | D:4      | Killed Grinder
  2561 | D:4      | Reached skill level 6 in Unarmed Combat
  2561 | D:4      | Reached XP level 7. HP: 29/67 MP: 6/6
  2680 | D:4      | Found a staircase to the Ecumenical Temple.
  2699 | Temple   | Entered the Ecumenical Temple
  2726 | Temple   | Became a worshipper of Nemelex Xobeh the Trickster
  2726 | Temple   | Received a gift from Nemelex Xobeh
  2726 | Temple   | Received a gift from Nemelex Xobeh
  2726 | Temple   | Reached * piety under Nemelex Xobeh
  2726 | Temple   | Reached ** piety under Nemelex Xobeh
  2901 | D:4      | Found a shimmering altar of Xom.
  3041 | D:5      | Entered Level 5 of the Dungeon
  3126 | D:5      | Found a shattered altar of Ashenzari.
  3148 | D:5      | Reached skill level 7 in Unarmed Combat
  3295 | D:5      | Received a gift from Nemelex Xobeh
  3344 | D:5      | Noticed an orange demon
  3355 | D:5      | Reached XP level 8. HP: 56/75 MP: 7/7
  3693 | D:5      | Found a runed door.
  3729 | D:5      | Noticed Crazy Yiuf
  3736 | D:5      | Killed Crazy Yiuf
  3893 | D:5      | Received a gift from Nemelex Xobeh
  4093 | D:6      | Noticed Prince Ribbit
  4122 | D:6      | Killed Prince Ribbit
  4148 | D:6      | Reached skill level 8 in Unarmed Combat
  4148 | D:6      | Reached skill level 1 in Invocations
  4149 | D:6      | Noticed Sigmund
  4152 | D:6      | Killed Sigmund
  4152 | D:6      | Reached skill level 5 in Dodging
  4639 | D:7      | Noticed Dowan
  4641 | D:7      | Reached skill level 9 in Unarmed Combat
  4642 | D:7      | Reached XP level 9. HP: 59/84 MP: 8/8
  4644 | D:7      | Killed Dowan
  4653 | D:7      | Noticed Duvessa
  4660 | D:7      | Killed Duvessa
  4888 | D:7      | Received a gift from Nemelex Xobeh
  4945 | D:7      | Reached skill level 10 in Unarmed Combat
  5234 | D:8      | Slain by an insubstantial wisp

Skill      XL: |  1  2  3  4  5  6  7  8  9 |
---------------+----------------------------+-----
Dodging        | 3 4 5 |  5.6
Unarmed Combat | 4 5 6 7 9 10 | 10.0
Fighting       | 3 |  3.9
Stealth        | 2 3 |  3.3
Invocations    | 1 |  1.2
Evocations     | |  0.3

Action                   |  1- 3 |  4- 6 |  7- 9 || total
-------------------------+-------+-------+-------++-------
Melee: Unarmed           |   103 |    96 |   278 ||   477
       Punch             |       |     6 |     6 ||    12
Evoke: Wand              |       |       |     2 ||     2
       Deck              |       |       |     7 ||     7
  Use: Scroll            |       |     2 |     1 ||     3
       Potion            |       |       |     1 ||     1
 Stab: Sleeping          |     2 |     2 |     5 ||     9
       Distracted        |       |       |     2 ||     2
  Eat: Chunk             |    15 |     6 |    32 ||    53
Armor: Robe              |    47 |    29 |    88 ||   164
Dodge: Dodged            |    65 |    53 |   183 ||   301
